 Dungeon Crawl Stone Soup version 0.31-a0-1570-g93c622d222 (webtiles) character file.

Game seed: 2474772632540760640

116610 Inarius the Brawler (level 16, -5/146 HPs)
             Began as a Troll Chaos Knight on Jan 3, 2024.
             Was a Plaything of Xom.
             Slain by a molten gargoyle
             ... wielding a +4 flail of electrocution
              (11 damage)
             ... on level 15 of the Dungeon.
             The game lasted 00:36:03 (19061 turns).

Inarius the Brawler (Troll Chaos Knight)           Turns: 19061, Time: 00:36:03

Health: -5/146     AC:  8    Str: 26    XL:     16   Next: 21%
Magic:  13/13      EV: 16    Int:  6    God:    Xom [..*...]
Gold:   97         SH:  0    Dex: 23    Spells: 15/15 levels left

rFire   . .          .
                       - Unarmed
rCold   + + +        (no shield)
rNeg    . . .        W - +4 skin of Zhor {*Englaciate rC+++ SInv}
rPois   .            i - +0 hat
rElec   .            C - +2 cloak
rCorr   .            (gloves unavailable)
SInv    +            (boots unavailable)
Will    +++..        n - amulet of regeneration
Stlth   ++           j - +6 ring of dexterity
HPRegen 2.04/turn    r - +4 ring of protection
MPRegen 0.13/turn

%: no passive effects
@: corroded
A: large, unfitting armour, claws 3, regeneration 1, shaggy fur 1, tough skin 1,
agile 2, cold resistance 2, low MP 1, strong-willed 2, mutation resistance 2,
weak 1, wild magic 1, persistent drain
a: Renounce Religion


You were on level 15 of the Dungeon.
You worshipped Xom.
You were a toy of Xom.
You visited 3 branches of the dungeon, and saw 22 of its levels.
You also visited: Sewer.

You collected 2491 gold pieces.
You spent 2394 gold pieces at shops.

Inventory:

Missiles
 R - 6 throwing nets
Armour
 a - +0 fire dragon scales
 i - a +0 hat (worn)
 C - a +2 cloak (worn)
 G - +0 swamp dragon scales
 W - the +4 skin of Zhor (worn) {*Englaciate rC+++ SInv}
   (You bought it in a shop on level 2 of the Orcish Mines)

   *Englaciate: It radiates cold, occasionally slowing all nearby creatures who
   are not resistant to cold.
   rC+++:     It renders you almost immune to cold.
   SInv:      It lets you see invisible.
Jewellery
 j - a +6 ring of dexterity (left claw)
 n - an amulet of regeneration (around neck)
 r - a +4 ring of protection (right claw)
 w - a ring of protection from cold
 B - an amulet of magic regeneration
 I - a ring of flight
 J - a ring of ice
 O - an amulet of faith
 P - a ring of positive energy
 S - a ring of poison resistance
Wands
 o - a wand of polymorph (3)
 t - a wand of flame (22)
 D - a wand of mindburst (11)
Scrolls
 b - a scroll of butterflies
 c - 3 scrolls of teleportation
 h - 5 scrolls of enchant armour {unknown}
 l - 5 scrolls of amnesia
 s - 4 scrolls of enchant weapon
 y - 3 scrolls of revelation {unknown}
 z - 2 scrolls of vulnerability
 A - 6 scrolls of brand weapon
 F - 3 scrolls of fear {unknown}
 K - a scroll of blinking
 N - 2 scrolls of silence {unknown}
 Q - 4 scrolls of noise
 T - 2 scrolls of poison
 U - 4 scrolls of torment {unknown}
 V - 2 scrolls of identify
Potions
 d - 5 potions of curing
 e - 2 potions of might
 g - 2 potions of attraction
 k - a potion of cancellation {unknown}
 m - 5 potions of magic {unknown}
 p - 4 potions of mutation
 u - 4 potions of resistance
 v - 4 potions of lignification
 x - 2 potions of invisibility
 E - 6 potions of haste
 H - a potion of ambrosia
 L - 3 potions of brilliance {unknown}
Miscellaneous
 M - a box of beasts


   Skills:
 + Level 6.6 Fighting
 + Level 9.3 Armour
 + Level 9.1 Dodging
 - Level 0.1 Stealth
 + Level 20.9 Unarmed Combat
 * Level 10.0 Evocations


You had 15 spell levels left.
You didn't know any spells.
Your spell library contained the following spells:

 Spells                   Type           Power      Damage    Failure   Level
 Freeze                   Ice            0%         1d3       54%         1
 Sting                    Conj/Alch      0%         1d3       54%         1
 Lesser Beckoning         Tloc           0%         N/A       67%         2
 Mercury Vapours          Alch/Air       0%         N/A       67%         2
 Sublimation of Blood     Necr           0%         N/A       67%         2
 Frozen Ramparts          Ice            0%         1d1       88%         3
 Gell's Gravitas          Tloc           0%         N/A       88%         3
 Hailstorm                Conj/Ice       0%         3d5       88%         3
 Teleport Other           Tloc           0%         N/A       88%         3
 Leda's Liquefaction      Alch/Erth      0%         N/A       99%         4
 Olgreb's Toxic Radiance  Alch           0%         N/A       99%         4
 Petrify                  Alch/Erth      0%         N/A       99%         4
 Vhi's Electric Charge    Tloc/Air       0%         N/A       99%         4
 Arcjolt                  Conj/Air       0%         1d10      100%        5
 Irradiate                Conj/Alch      0%         3d11      100%        5
 Metabolic Englaciation   Hex/Ice        0%         N/A       100%        5
 Plasma Beam              Fire/Air       0%         2x1d10    100%        6


Dungeon Overview and Level Annotations

Branches:
Dungeon (15/15)            Temple (0/1) D:7            Lair (5/5) D:11
 Shoals (0/4) Lair:3       Spider (0/4) Lair:3        Slime (0/5) Lair:5
    Orc (2/2) D:12            Elf (0/3) Orc:2        Vaults (0/5) D:14
 Depths (0/4) D:15          Sewer (visited)

Altars:
Elyvilon
Gozag
Makhleb
Xom
Yredelemnul
The Shining One

Shops:
Orc:2 [[[[

Portals:
Trove: D:10 (give 17 potions of curing)

Annotations:
Lair:4 exclusion: oklob plant


Innate Abilities, Weirdness & Mutations

You are too large for most types of armour.
You have claws for hands.
Your natural rate of healing is unusually fast.
You are covered in fur. (AC +1)
You have tough skin. (AC +1)
You are very agile. (Dex +8, Str/Int -2)
Your flesh is very cold resistant. (rC++)
Your magical capacity is low. (-10% MP)
You are highly strong-willed. (Will++)
You are somewhat resistant to both further mutation and mutation removal.
You are weak. (Str -2)
Your spells are a little harder to cast, but a little more powerful.
Your health recovers twice as slowly from being drained.


Message History

You completely miss the yaktaur.
The yaktaur is heavily wounded.
The molten gargoyle hits you with a +4 flail of electrocution!
You are engulfed in flames!
The yaktaur wields a +0 arbalest of flaming.
It bursts into flame!
The yaktaur shoots a bolt.
The bolt hits you!
* * * LOW HITPOINT WARNING * * *
The bolt burns you!
* * * LOW HITPOINT WARNING * * *
The molten gargoyle attacks as it pursues you!
The molten gargoyle closely misses you.
Unknown command.
Unknown command.
Okay, then.
Unknown command.
Okay, then.
Blink to where?
Press: ? - help, Dir - move target
As you read the scroll of blinking, it crumbles to dust.
As you read the scroll of fog, it dissolves into smoke.
The molten gargoyle hits you with a +4 flail of electrocution.
* * * LOW HITPOINT WARNING * * *
You are engulfed in flames!
* * * LOW HITPOINT WARNING * * *
You are electrocuted!
* * * LOW HITPOINT WARNING * * *
Xom thinks this is hilarious!
You feel much better.
The molten gargoyle hits you with a +4 flail of electrocution!
* * * LOW HITPOINT WARNING * * *
You are engulfed in flames!
* * * LOW HITPOINT WARNING * * *
Unknown command.
You scratch the molten gargoyle but do no damage.
You claw the molten gargoyle! Your claw misses the molten gargoyle.
The molten gargoyle is heavily damaged.
The molten gargoyle hits you with a +4 flail of electrocution.
* * * LOW HITPOINT WARNING * * *
You are engulfed in flames!
You die...

.....⌠(# #...# ........_).._#
.......# #...# ........)#...#
...#########..>#####...##.######
.).#...'...........+. #...#
.≈.#...#...).......# #...#
...#...'...).......+ #...#
#.##..)#####...#########...#####
......"....#...#§§§#...........#
..........(#...#@§§#.⌠...#...#.#
...........#...#9c§#...........#
####...#####+#+#§§§#####...##.##
...#...# #....§§§§...#...# ..#
<≈(#...# #..........(#.<.# .#
.).#...#.. #...........#...# .#
########...#####...######### #
........#9..# ......≈c....#


You could see a yaktaur and a molten gargoyle.

Vanquished Creatures
  A frost giant (D:15)
  2 crystal guardians (D:15)
  2 ettins (Orc:2)
  A fire dragon (Lair:5)
  4 vault guards
  A great orb of eyes (Lair:4)
  Erolcha (Orc:1)
  2 hydras
  A rakshasa (D:15)
  An ice dragon (Lair:5)
  2 ogre magi (Orc:2)
  A catoblepas (D:14)
  2 centaur warriors
  11 two-headed ogres
  A boulder beetle (shapeshifter) (D:15)
  A death knight (D:14)
  4 boulder beetles
  23 death yaks
  A soul eater (D:14)
  Nergalle (Orc:1)
  2 sun demons
  4 sixfirhies
  A skeletal warrior (D:13)
  2 deep trolls (Orc:2)
  A skyshark (Lair:3)
  A goliath frog (Lair:5)
  A swamp dragon (Lair:5)
  3 arcanists
  2 lindwurms (Lair:5)
  An orc knight (Orc:2)
  3 necromancers (Orc:1)
  A harpy (shapeshifter) (D:13)
  4 deep elf pyromancers (D:15)
  Maurice (D:9)
  An orc sorcerer (Orc:2)
  7 ugly things
  2 manticores (D:14)
  3 salamanders (D:15)
  A shining eye (D:8)
  5 cyclopes
  10 elephants
  A black mamba (Lair:1)
  A rust devil (D:15)
  3 smoke demons (D:14)
  5 torpor snails
  A molten gargoyle (D:15)
  An orange demon (D:14)
  4 gargoyles
  10 cane toads
  An eye of devastation (Lair:4)
  An unseen horror (D:13)
  Maggie (D:8)
  4 rime drakes
  11 komodo dragons
  A freezing wraith (D:13)
  A tengu conjurer (D:15)
  5 yaktaurs (D:15)
  An ice devil (D:14)
  An efreet (D:15)
  2 red devils
  2 hellwings (D:14)
  A wind drake (shapeshifter) (D:15)
  A queen bee (D:10)
  15 trolls
  2 polar bears
  A wolf spider simulacrum (D:15)
  A queen bee (shapeshifter) (D:14)
  4 tyrant leeches (Lair:5)
  10 hornets
  25 blink frogs
  2 ettin zombies (Orc:1)
  7 dream sheep (Lair:5)
  A slime creature (D:13)
  2 vampires
  2 air elementals (D:15)
  An ettin skeleton (Orc:1)
  A shadow (D:10)
  3 wraiths
  A water elemental (D:15)
  A fire bat (D:6)
  Grum (D:10)
  45 yaks
  4 basilisks
  2 wargs
  6 wyverns
  3 steam dragons
  10 vampire mosquitoes
  A redback simulacrum (D:14)
  A chaos spawn (D:14)
  2 neqoxecs (D:14)
  11 water moccasins
  4 acid dragons
  Duvessa (D:6)
  A swamp drake (Lair:5)
  A black bear (D:6)
  A sky beast (D:7)
  16 orc warriors
  2 ice beasts
  A boggart (D:15)
  22 ogres
  A tengu (shapeshifter) (D:8)
  11 wolves
  5 centaurs
  A phantom (D:5)
  14 bullfrogs
  A warg zombie (Orc:1)
  2 kobold brigands (Sewer)
  8 scorpions
  A cyclops zombie (Orc:1)
  A cyclops skeleton (Orc:1)
  9 wights
  An orc simulacrum (Orc:1)
  Dowan (D:6)
  15 killer bees
  6 electric eels
  A howler monkey (D:7)
  2 bombardier beetles
  16 orc priests
  3 gnoll boudas
  3 hounds
  12 iguanas
  A sleepcap (D:5)
  18 orc wizards
  2 ogre skeletons (Orc:1)
  6 gnolls
  2 river rats (Sewer)
  11 adders
  2 orc skeletons (Orc:1)
  2 ufetubi (D:6)
  An orc zombie (Orc:1)
  9 ribbon worms
  3 dart slugs
  64 orcs
  9 endoplasms
  7 giant cockroaches
  3 goblins
  9 hobgoblins
  5 quokkas
  9 ball pythons
  6 bats
  4 frilled lizards
  7 kobolds
  8 rats
694 creatures vanquished.

Vanquished Creatures (collateral kills)
  Harold (Lair:2)
  2 skeletal warriors (D:13)
  A cane toad (Lair:2)
  A queen bee (shapeshifter) (D:13)
  A blink frog (Lair:1)
  2 yaks (Lair:2)
  A basilisk (Lair:2)
  An orc (Orc:2)
10 creatures vanquished.

Vanquished Creatures (others)
  An eldritch tentacle (Lair:4)
  An electric eel (Lair:5)
2 creatures vanquished.

Grand Total: 706 creatures vanquished

Notes
Turn   | Place    | Note
-------+----------+-------------------------------------------
     0 | D:1      | Inarius the Troll Chaos Knight began the quest for the Orb.
     0 | D:1      | Reached XP level 1. HP: 22/22 MP: 0/0
    80 | D:1      | XOM: potion effect (invisibility)
   145 | D:1      | Reached XP level 2. HP: 29/29 MP: 1/1
   193 | D:1      | XOM: potion effect (brilliance)
   270 | D:1      | Found a faded altar of an unknown god.
   271 | D:1      | Noticed a golden eye
   281 | D:1      | Noticed an eye of devastation
   292 | D:1      | Noticed a shining eye
   293 | D:1      | Noticed a glass eye
   343 | D:1      | XOM: silly message
   528 | D:2      | Reached XP level 3. HP: 36/36 MP: 2/2
   684 | D:2      | XOM: divination: magic mapping
   874 | D:2      | XOM is BORED!
   874 | D:2      | XOM: noise
  1230 | D:2      | Reached XP level 4. HP: 45/45 MP: 3/3
  1370 | D:3      | Reached skill level 4 in Unarmed Combat
  1804 | D:3      | XOM is BORED!
  1804 | D:3      | XOM: noise
  1987 | D:3      | Found a glowing golden altar of the Shining One.
  2063 | D:4      | Noticed an ogre
  2071 | D:4      | XOM: cleaving
  2103 | D:4      | XOM: noise
  2106 | D:4      | XOM: silly message
  2111 | D:3      | Killed an ogre
  2112 | D:3      | Reached XP level 5. HP: 53/53 MP: 4/4
  2119 | D:3      | Reached skill level 5 in Unarmed Combat
  2148 | D:3      | XOM: potion effect (might)
  2152 | D:3      | XOM: polymorph quokka -> bat
  2164 | D:3      | Reached XP level 6. HP: 54/58 MP: 5/5
  2174 | D:4      | Reached skill level 6 in Unarmed Combat
  2177 | D:4      | XOM: confuse monster(s)
  2422 | D:4      | Reached XP level 7. HP: 64/67 MP: 6/6
  2686 | D:4      | XOM: give mutations
  2686 | D:4      | Gained mutation: You are strong-willed. (Will+) [Xom's
                  | mischief]
  2686 | D:4      | Gained mutation: Your mind is acute. (Int +4, Str/Dex -1)
                  | [Xom's mischief]
  2686 | D:4      | Gained mutation: Your system is resistant to poisons.
                  | (rPois) [Xom's mischief]
  2686 | D:4      | Gained mutation: You are somewhat resistant to further
                  | mutation. [Xom's mischief]
  2780 | D:4      | XOM: divination: detect creatures
  2926 | D:4      | Found a basalt altar of Yredelemnul.
  3071 | D:5      | Entered Level 5 of the Dungeon
  3158 | D:5      | Found a glowing drain.
  3169 | Sewer    | Entered a sewer
  3261 | Sewer    | Reached skill level 7 in Unarmed Combat
  3295 | Sewer    | XOM: divination: magic mapping
  3375 | Sewer    | XOM: summons 5 friendly demons
  3444 | Sewer    | XOM: give mutation
  3444 | Sewer    | Lost mutation: Your system is resistant to poisons. (rPois)
                  | [Xom's mischief]
  3501 | D:5      | XOM: enchant monster (bad)
  3583 | D:5      | Reached XP level 8. HP: 75/75 MP: 7/7
  3618 | D:5      | Reached skill level 8 in Unarmed Combat
  3641 | D:5      | XOM: god gift: 28 gold pieces
  3815 | D:5      | Reached skill level 1 in Evocations
  3884 | D:5      | XOM: divination: detect items
  3933 | D:5      | XOM: enchant monster (bad)
  3937 | D:5      | XOM: smoke on damage
  4082 | D:6      | Found a shimmering altar of Xom.
  4084 | D:6      | Noticed Duvessa
  4084 | D:6      | Noticed Dowan
  4084 | D:6      | XOM: 2-stop teleportation journey
  4109 | D:6      | XOM: enchant monster (bad)
  4111 | D:6      | XOM: 4-stop teleportation journey
  4114 | D:6      | Reached skill level 9 in Unarmed Combat
  4188 | D:6      | Killed Dowan
  4195 | D:6      | Killed Duvessa
  4249 | D:6      | XOM: noise
  4325 | D:6      | Reached XP level 9. HP: 21/78 MP: 8/8
  4525 | D:6      | Reached skill level 10 in Unarmed Combat
  4790 | D:6      | Reached skill level 5 in Dodging
  4963 | D:7      | Found an opulent altar of Gozag.
  5084 | D:7      | XOM: confuse monster(s)
  5170 | D:7      | XOM: divination: detect items
  5170 | D:7      | Paralysed by a hornet for 2 turns
  5247 | D:7      | XOM: give mutations
  5247 | D:7      | Gained mutation: You are agile. (Dex +4, Str/Int -1) [Xom's
                  | grace]
  5247 | D:7      | Gained mutation: You are very agile. (Dex +8, Str/Int -2)
                  | [Xom's grace]
  5325 | D:7      | Reached skill level 11 in Unarmed Combat
  5378 | D:7      | Found a staircase to the Ecumenical Temple.
  5690 | D:8      | XOM: chaos cloud
  5691 | D:8      | XOM: polymorph yak -> ribbon worm
  5694 | D:8      | Reached XP level 10. HP: 74/93 MP: 9/9
  5714 | D:8      | Identified the +4 dagger of Imbalance {flame, *Noise Str+4
                  | SInv}
  5933 | D:8      | XOM: potion effect (heal wounds)
  5952 | D:8      | Noticed Maggie
  5957 | D:8      | Killed Maggie
  5958 | D:8      | Noticed Joseph
  5959 | D:8      | Joseph changed into Joseph the shining eye
  5959 | D:8      | Noticed Joseph
  5959 | D:8      | XOM: polymorph Joseph -> Joseph the shining eye
  5963 | D:8      | Killed Joseph the shining eye
  5964 | D:8      | Reached skill level 12 in Unarmed Combat
  6339 | D:9      | XOM: 4-stop teleportation journey
  6342 | D:9      | XOM: stat loss: -1 Dex (21/22)
  6346 | D:9      | XOM: draining
  6435 | D:9      | a troll changed into a glowing shapeshifter
  6435 | D:9      | Noticed a glowing shapeshifter (glowing shapeshifter)
  6435 | D:9      | XOM: polymorph troll -> glowing shapeshifter
  6435 | D:9      | a glowing shapeshifter changed into a wind drake
  6437 | D:9      | Noticed Maurice
  6440 | D:9      | XOM: 3-stop teleportation journey
  6467 | D:9      | Reached skill level 1 in Armour
  6505 | D:8      | XOM: silly message
  6555 | D:9      | Maurice stole a ring of flight
  6557 | D:9      | Maurice stole 458 gold
  6560 | D:9      | Killed Maurice
  6764 | D:10     | Entered Level 10 of the Dungeon
  6802 | D:10     | XOM: noise
  6854 | D:10     | XOM: give mutations
  6854 | D:10     | Gained mutation: You are partially covered in iridescent
                  | scales. (AC +2) [Xom's mischief]
  6854 | D:10     | Gained mutation: Your health recovers twice as slowly from
                  | being drained. [Xom's mischief]
  6854 | D:10     | Gained mutation: Your flesh is cold resistant. (rC+) [Xom's
                  | mischief]
  6942 | D:10     | XOM: swap monsters
  6996 | D:10     | XOM: 4-stop teleportation journey
  7145 | D:10     | Noticed a moth of wrath
  7148 | D:10     | a moth of wrath changed into a queen bee
  7153 | D:10     | Reached XP level 11. HP: 95/101 MP: 10/10
  7170 | D:10     | Noticed Grum
  7185 | D:10     | Killed Grum
  7233 | D:10     | XOM: confuse monster(s)
  7246 | D:10     | Reached skill level 13 in Unarmed Combat
  7377 | D:10     | Found a portal to a secret trove of treasure.
  7429 | D:10     | XOM: silly message
  7450 | D:10     | XOM: summons 1 hostile demon
  7706 | D:11     | Reached skill level 5 in Evocations
  7978 | D:11     | Found a staircase to the Lair.
  7981 | D:11     | Noticed a boulder beetle
  7984 | D:11     | XOM: scenery: summon butterflies
  7987 | D:11     | XOM: confuse monster(s)
  7989 | D:11     | XOM: cast spell 'Summon Small Mammal'
  7992 | D:11     | XOM: silly message
  8033 | D:11     | XOM: butterfly on damage
  8041 | D:11     | Killed a boulder beetle
  8082 | D:11     | Noticed a purple ugly thing
  8093 | D:11     | Killed a purple ugly thing
  8141 | D:11     | XOM: divination: detect creatures
  8380 | D:11     | Noticed a centaur warrior
  8389 | D:11     | XOM: potion effect (might)
  8390 | D:11     | Killed a centaur warrior
  8391 | D:11     | Reached skill level 14 in Unarmed Combat
  8490 | Lair:1   | Entered Level 1 of the Lair of Beasts
  8511 | Lair:1   | XOM: confuse monster(s)
  8623 | Lair:1   | XOM: confuse monster(s)
  8624 | Lair:1   | XOM: silly message
  8636 | Lair:1   | Reached skill level 5 in Fighting
  8637 | Lair:1   | Reached XP level 12. HP: 87/111 MP: 11/11
  8638 | Lair:1   | XOM: give mutations
  8638 | Lair:1   | Gained mutation: Your system is resistant to poisons.
                  | (rPois) [Xom's grace]
  8638 | Lair:1   | Gained mutation: Your flesh is very cold resistant. (rC++)
                  | [Xom's grace]
  8638 | Lair:1   | Gained mutation: You are mostly covered in iridescent
                  | scales. (AC +4) [Xom's grace]
  8638 | Lair:1   | Gained mutation: You are highly strong-willed. (Will++)
                  | [Xom's grace]
  8686 | Lair:1   | XOM: 1-stop teleportation journey
  8687 | Lair:1   | XOM: potion effect (brilliance)
  8802 | Lair:1   | XOM: 7-stop teleportation journey
  9014 | Lair:1   | XOM: summons 4 friendly demons
  9015 | Lair:1   | Reached skill level 5 in Armour
  9050 | Lair:1   | XOM: cast spell 'Summon Hydra'
  9337 | Lair:2   | XOM: divination: detect creatures
  9356 | Lair:2   | Reached skill level 15 in Unarmed Combat
  9364 | Lair:2   | XOM: summons 7 friendly demons
  9368 | Lair:2   | XOM: scenery: summon butterflies
  9369 | Lair:2   | XOM: noise
  9437 | Lair:2   | XOM: blink monster(s)
  9443 | Lair:2   | XOM: confusion (+ monsters)
  9446 | Lair:2   | XOM: noise
  9452 | Lair:2   | XOM: swap monsters
  9487 | Lair:2   | Noticed Harold
  9487 | Lair:2   | XOM: summons 2 friendly demons
  9499 | Lair:2   | Killed Harold
 10106 | Lair:3   | XOM: noise
 10134 | Lair:3   | XOM: confuse monster(s)
 10169 | Lair:3   | Reached skill level 16 in Unarmed Combat
 10174 | Lair:3   | XOM: enchant monster (good)
 10199 | Lair:3   | XOM: confusion (+ monsters)
 10213 | Lair:3   | Reached XP level 13. HP: 118/118 MP: 12/12
 10238 | Lair:3   | Found a hole to the Spider Nest.
 10273 | Lair:3   | XOM: 1-stop teleportation journey
 10385 | Lair:3   | XOM: summons 7 hostile demons
 10390 | Lair:3   | XOM: potion effect (heal wounds)
 10405 | Lair:3   | XOM: enchant monster (good)
 10462 | Lair:3   | Identified the +6 spear of Articulation {flame, Will+}
 10482 | Lair:3   | XOM: summons friendly crimson imp
 10523 | Lair:3   | Found a staircase to the Shoals.
 10533 | Lair:3   | XOM: 1-stop teleportation journey
 10535 | Lair:3   | XOM: fog
 10540 | Lair:3   | XOM: potion effect (curing)
 10586 | Lair:3   | Identified the +1 ring mail of Vyuskuu {rElec rF+ rN+}
 11167 | Lair:4   | Reached skill level 17 in Unarmed Combat
 11203 | Lair:4   | XOM: confusion
 11248 | Lair:4   | XOM: give mutations
 11248 | Lair:4   | Lost mutation: Your mind is acute. (Int +4, Str/Dex -1)
                  | [Xom's mischief]
 11248 | Lair:4   | Gained mutation: You are somewhat resistant to both further
                  | mutation and mutation removal. [Xom's mischief]
 11248 | Lair:4   | Lost mutation: You are mostly covered in iridescent scales.
                  | (AC +4) [Xom's mischief]
 11248 | Lair:4   | Gained mutation: Your magical capacity is low. (-10% MP)
                  | [Xom's mischief]
 11313 | Lair:4   | XOM: summons friendly iron imp
 11325 | Lair:4   | XOM: 3-stop teleportation journey
 11402 | Lair:4   | XOM: noise
 11513 | Lair:4   | XOM: swap monsters
 11796 | Lair:4   | XOM: cast spell 'Malign Gateway'
 12250 | Lair:5   | Entered Level 5 of the Lair of Beasts
 12289 | Lair:5   | XOM: summons 7 hostile demons
 12296 | Lair:5   | XOM: enchant monster (good)
 12302 | Lair:5   | XOM: chaos cloud
 12434 | Lair:5   | Found a staircase to the Slime Pits.
 12474 | Lair:5   | XOM: confusion (+ monsters)
 12515 | Lair:5   | XOM: confusion (+ monsters)
 12586 | Lair:5   | Noticed a fire dragon
 12615 | Lair:5   | Reached XP level 14. HP: 128/128 MP: 11/11
 12710 | Lair:5   | XOM: enchant monster (bad)
 12727 | Lair:5   | XOM: confusion (+ monsters)
 12728 | Lair:5   | XOM: silly message
 12767 | Lair:5   | XOM: silly message
 12778 | Lair:5   | Reached skill level 18 in Unarmed Combat
 12786 | Lair:5   | XOM: noise
 12791 | Lair:5   | XOM: noise
 12802 | Lair:5   | XOM: confusion (+ monsters)
 12890 | Lair:5   | XOM: swap monsters
 13074 | Lair:5   | XOM: give mutations
 13074 | Lair:5   | Gained mutation: You are weak. (Str -2) [Xom's mischief]
 13074 | Lair:5   | Lost mutation: Your system is resistant to poisons. (rPois)
                  | [Xom's mischief]
 13074 | Lair:5   | Gained mutation: Your spells are a little harder to cast,
                  | but a little more powerful. [Xom's mischief]
 13074 | Lair:5   | Lost mutation: You are partially covered in iridescent
                  | scales. (AC +2) [Xom's mischief]
 13097 | Lair:5   | XOM: smoke on damage
 13105 | Lair:5   | XOM: confusion
 13136 | Lair:5   | XOM: summons 8 hostile demons
 13141 | Lair:5   | XOM: stat loss: -1 Str (22/23)
 13142 | Lair:5   | Paralysed by a hornet for 1 turns
 13180 | Lair:5   | XOM: polymorph white imp -> ufetubus
 13297 | Lair:5   | XOM: polymorph torpor snail -> goliath frog
 13298 | Lair:5   | XOM: enchant monster (good)
 13300 | Lair:5   | XOM: confuse monster(s)
 13419 | Lair:5   | XOM: destruction
 13907 | D:12     | XOM: cleaving
 13912 | D:12     | XOM: 8-stop teleportation journey
 13929 | D:12     | XOM: summons friendly shadow imp
 13939 | D:12     | Found a staircase to the Orcish Mines.
 13939 | D:12     | XOM: 1-stop teleportation journey
 13944 | Orc:1    | Entered Level 1 of the Orcish Mines
 14000 | Orc:1    | XOM: divination: detect items
 14012 | Orc:1    | XOM: silly message
 14015 | Orc:1    | XOM: potion effect (invisibility)
 14064 | Orc:1    | You fall into a shaft and drop 1 floor!
 14064 | Orc:2    | Entered Level 2 of the Orcish Mines
 14064 | Orc:2    | Found Vuraqusm's Armour Shop.
 14064 | Orc:2    | Found Hukhly Ixur's Antique Armour Shoppe.
 14398 | Orc:1    | XOM: silly message
 14420 | Orc:1    | Noticed Erolcha
 14420 | Orc:1    | XOM: potion effect (might)
 14428 | Orc:1    | Killed Erolcha
 14635 | Orc:1    | XOM: cast spell 'Olgreb's Toxic Radiance'
 14669 | Orc:1    | Found a burning altar of Makhleb.
 14774 | Orc:1    | Noticed Nergalle
 14775 | Orc:1    | XOM: potion effect (might)
 14781 | Orc:1    | Killed Nergalle
 14836 | Orc:2    | Reached skill level 19 in Unarmed Combat
 14842 | Orc:2    | XOM: divination: detect items
 14953 | Orc:2    | XOM: silly message
 14986 | Orc:2    | XOM: 2-stop teleportation journey
 14991 | Orc:2    | XOM: chaos cloud
 14995 | Orc:2    | Reached XP level 15. HP: 136/136 MP: 12/12
 14997 | Orc:2    | XOM: smoke on damage
 15005 | Orc:2    | XOM: enchant monster (bad)
 15008 | Orc:2    | XOM: blink monster(s)
 15032 | Orc:2    | XOM: scenery: summon butterflies
 15053 | Orc:2    | XOM: summons friendly ufetubus
 15076 | Orc:2    | XOM: confuse monster(s)
 15188 | Orc:2    | Found Saoc's Antique Armour Boutique.
 15193 | Orc:2    | Found Xezon's Antique Armour Boutique.
 15472 | Orc:2    | Found a staircase to the Elven Halls.
 15512 | Orc:2    | XOM: god gift: potion of haste
 16358 | D:12     | XOM: god gift: book of Transmutation
 16519 | D:13     | XOM: summons friendly hellwing
 16549 | D:13     | XOM: noise
 16567 | D:13     | Found a white marble altar of Elyvilon.
 16800 | D:13     | XOM is BORED!
 16800 | D:13     | XOM: torment (69/136 hp)
 17179 | D:14     | XOM: blink monster(s)
 17196 | D:14     | XOM: swap monsters
 17201 | D:14     | XOM: summons 8 hostile demons
 17206 | D:14     | XOM: swap monsters
 17211 | D:13     | XOM: swap monsters
 17216 | D:13     | XOM: polymorph sun demon -> red devil
 17378 | D:14     | Found a gate to the Vaults.
 17412 | D:14     | XOM: noise
 17415 | D:14     | HP: 4/137 [seven-headed hydra (12)]
 17442 | D:14     | Reached skill level 20 in Unarmed Combat
 17446 | D:14     | HP: 5/137 [manticore (11)]
 17447 | D:14     | XOM: swap monsters
 17511 | D:14     | XOM: cast spell 'Dispersal'
 17765 | D:14     | XOM: 2-stop teleportation journey
 17779 | D:14     | XOM: confusion (+ monsters)
 17853 | D:14     | XOM: summons 15 friendly demons
 17895 | D:14     | XOM: polymorph quasit -> iron imp
 17897 | D:14     | XOM: silly message
 18059 | D:14     | XOM: god gift: box of beasts
 18096 | D:14     | XOM: summons 2 hostile demons
 18328 | Orc:2    | Bought the +4 skin of Zhor {*Englaciate rC+++ SInv} for
                  | 2394 gold pieces
 18328 | Orc:2    | Found the +4 skin of Zhor {*Englaciate rC+++ SInv}
 18476 | D:15     | Entered Level 15 of the Dungeon
 18480 | D:15     | XOM: confuse monster(s)
 18498 | D:15     | Noticed a frost giant
 18508 | D:15     | XOM: blink monster(s)
 18515 | D:15     | Killed a frost giant
 18543 | D:15     | Paralysed by an air elemental for 1 turns
 18544 | D:15     | XOM: 1-stop teleportation journey
 18595 | D:15     | XOM: chaos upgrade
 18670 | D:15     | Reached XP level 16. HP: 146/146 MP: 13/13
 18679 | D:15     | XOM: scenery: create altars
 18793 | D:15     | XOM: enchant monster (bad)
 18925 | D:15     | Found a staircase to the Depths.
 18962 | D:15     | Reached skill level 10 in Evocations
 18984 | D:15     | XOM: repel stairs
 19010 | D:15     | Paralysed by an air elemental for 1 turns
 19020 | D:15     | XOM: scenery: 2 doors close
 19035 | D:15     | Paralysed by an air elemental for 1 turns
 19044 | D:15     | XOM: noise
 19059 | D:15     | HP: 7/146 [molten gargoyle/+4 flail of electrocution (12)]
 19061 | D:15     | Slain by a molten gargoyle

Illustrated notes

Levels and vault maps discovered:
D:1:      sevenhm_arrival_forest_fort_small_6, layout_basic,
          hellmonk_ecumenical_altar_watching_god
D:2:      layout_basic
D:3:      layout_loops_ring, tso_altar, dreamdust_princess_corridor,
          minmay_between
D:4:      layout_basic, mainiacjoe_overflow_chevrons, serial_co_window_serial,
          co_window_paths_a, co_window_paths_b, co_window_paths_b,
          co_window_paths_b, co_window_paths_a, co_window_corner_cb,
          co_window_broadway_c, co_window_broadway_c, co_window_broadway_c,
          co_window_4corner_a, glass_columns_a, glass_columns_c,
          glass_columns_a, glass_columns_c
D:5:      layout_loops_ring, portal_sewer_entry_f
D:6:      layout_cave_pods, regret_index_xom_of_box, uniq_duvessa
D:7:      layout_basic, mainiacjoe_overflow_catwalk, minmay_temple_entry_fiery,
          feat_on_display
D:8:      layout_basic, hangedman_decor_peaks_small,
          hangedman_abyss_or_decor_stagger, uniq_maggie, uniq_joseph
D:9:      layout_cross, uniq_maurice
D:10:     layout_grid_maze, enter_trove_1, uniq_grum
D:11:     layout_small_grid, erik_lair_orcish_takeover
D:12:     layout_cave_pods, orc_0_dummy, drop_trap, nicolae_benzene_ring
D:13:     layout_roguey, elyvilon_altar_1
D:14:     layout_gridville, lightli_vaults_fourway_checkpoint, serial_demonic,
          serial_demonic_b, serial_demonic_f, serial_demonic_e,
          serial_demonic_d, serial_demonic_b, serial_demonic_c, serial_demonic_e
D:15:     hangedman_crystal_crosses_colossus [crystal_crosses_arms_four,
          crystal_crosses_arms_one, crystal_crosses_arms_one]
Lair:1:   layout_chaotic_city, serial_bayou_lagoon_b
Lair:2:   layout_regular_city, chequers_serial_rivers_micro_b, uniq_harold
Lair:3:   layout_gridlike, shoals_dummy_entry, nicolae_spider_entry_non_spiders,
          dreamdust_gnoll_shepherd
Lair:4:   layout_cellular_growth
Lair:5:   guppyfry_lair_end_dragon, layout_cave_shapes, wormcave, slime_entry_1,
          serial_bayou_lake_a, infiniplex_staircase_pool
Orc:1:    dreamdust_under_siege, layout_caves, basic_altar, bloody_makhleb,
          uniq_nergalle, uniq_erolcha
Orc:2:    st_orc_open, layout_caves, mines2_david

Skill      XL: |  1  2  3  4  5  6  7  8  9 10 11 12 13 14 15 16 |
---------------+-------------------------------------------------+-----
Dodging        | 2 3 4 5 6 7 8 9 |  9.1
Fighting       | 3 4 5 6 |  6.6
Unarmed Combat | 4 5 6 7 9 11 12 14 16 17 19 20 | 20.9
Evocations     | 2 3 4 5 6 7 8 9 10 | 10.0
Armour         | 2 4 5 6 8 9 |  9.3
Stealth        | |  0.1

Action                     |  1- 3 |  4- 6 |  7- 9 | 10-12 | 13-15 | 16-18 || total
---------------------------+-------+-------+-------+-------+-------+-------++-------
  Melee: Unarmed           |    92 |    70 |   288 |   588 |  1109 |   107 ||  2254
         Punch             |       |     5 |    13 |    47 |   148 |    12 ||   225
  Evoke: Wand              |       |     3 |       |    17 |    24 |       ||    44
         Box of beasts     |       |       |       |       |     1 |       ||     1
    Use: Potion            |       |     5 |       |     1 |     5 |     1 ||    12
         Scroll            |       |       |    12 |     5 |    10 |     2 ||    29
   Stab: Invisible         |     1 |       |       |       |     9 |       ||    10
         Sleeping          |     1 |     6 |     1 |     1 |     1 |       ||    10
         Confused          |       |       |       |     9 |     7 |       ||    16
         Distracted        |       |       |       |     1 |     2 |       ||     3
 Armour: Robe              |    59 |    55 |   188 |    15 |       |       ||   317
         Swamp dragon scal |       |       |       |   444 |   232 |       ||   676
         Skin              |       |       |       |    30 |       |       ||    30
         Fire dragon scale |       |       |       |       |   762 |       ||   762
         Animal skin       |       |       |       |       |    30 |    59 ||    89
  Dodge: Dodged            |    45 |    41 |   147 |   378 |   766 |    59 ||  1436

Table legend: (Time is in decaauts)
 A = Elapsed time spent in this place.
 B = Non-inter-level travel time spent in this place.
 C = Inter-level travel time spent in this place.
 D = Time resting spent in this place.
 E = Time spent auto-exploring this place.
 F = Levels seen in this place.
 G = Mean time per level.
                   A        B        C        D        E       F      G
               +--------+--------+--------+--------+--------+-----+--------+
         Total |  18494 |  17119 |   1375 |    763 |  11975 |  23 |  804.1 |
       Dungeon |  11260 |  10507 |    753 |    439 |   7717 |  15 |  750.7 |
          Lair |   5125 |   4689 |    436 |    156 |   3164 |   5 | 1025.0 |
  Orcish Mines |   1815 |   1629 |    186 |    167 |    934 |   2 |  907.5 |
         Sewer |    292 |    292 |      0 |      0 |    159 |   1 |  292.0 |
               +--------+--------+--------+--------+--------+-----+--------+

Top non-repeatable levels by time:
  Lair:5: 1313 daAuts
  Lair:4: 1278 daAuts
   Orc:2: 1027 daAuts
  Lair:3: 951 daAuts
    D:12: 937 daAuts
    D:10: 913 daAuts
     D:4: 907 daAuts
    D:14: 886 daAuts
     D:3: 874 daAuts
    D:13: 853 daAuts
     D:6: 815 daAuts
  Lair:2: 807 daAuts
     D:2: 796 daAuts
    D:11: 789 daAuts
   Orc:1: 788 daAuts
